 Dungeon Crawl Stone Soup version 0.20-a0-390-g4892b34 (webtiles) character file.

207835 tboon the Severer (level 18, -22/163 HPs)
             Began as a Minotaur Berserker on Dec 28, 2016.
             Was a High Priest of Trog.
             Annihilated by an Ice Fiend (31 damage)
             ... summoned by a deep elf demonologist
             ... on level 2 of the Elven Halls on Dec 30, 2016.
             The game lasted 03:02:55 (39076 turns).

tboon the Severer (Minotaur Berserker)             Turns: 39076, Time: 03:02:56

Health: -22/163    AC: 32    Str: 23    XL:     18   Next: 11%
Magic:  17/17      EV: 16    Int:  9    God:    Trog [*****.]
Gold:   1920       SH: 28    Dex: 15    Spells: 17/17 levels left

rFire  + . .     SeeInvis .     a - +0 broad axe (flame)
rCold  . . .     Gourm    .     g - +1 crystal plate armour
rNeg   . . .     Faith    .     C - +2 large shield
rPois  .         Spirit   .     w - +2 hat {Int+3}
rElec  .         Reflect  +     P - +0 cloak
rCorr  .         Harm     .     V - +1 pair of gloves
MR     +++..                    d - +0 pair of boots
Stlth  ..........               J - +3 amulet of reflection
                                I - ring of protection from fire {rF+, !d}
                                p - +5 ring of evasion

@: about to teleport, regenerating
A: retaliatory headbutt, horns 2
}: 1/15 runes: decaying
a: Berserk, Trog's Hand, Brothers in Arms, Burn Spellbooks, Renounce Religion


You were on level 2 of the Elven Halls.
You worshipped Trog.
Trog was extremely pleased with you.
You were hungry.

You visited 5 branches of the dungeon, and saw 29 of its levels.

You collected 2771 gold pieces.
You spent 851 gold pieces at shops.

Inventory:

Hand Weapons
 a - a +0 broad axe of flaming (weapon)
   (You acquired it on level 2 of the Lair of Beasts)
 y - the +0 broad axe "Lionurph" {elec, rElec SInv, unknown}
   (Trog gifted it to you on level 2 of the Elven Halls)

   Occasionally, upon striking a foe, it will discharge some electrical energy
   and cause terrible harm.
   It insulates you from electricity.
   It lets you see invisible.
Armour
 d - a +0 pair of boots (worn)
   (You found it on level 14 of the Dungeon)
 g - a +1 crystal plate armour (worn)
   (You found it on level 6 of the Lair of Beasts)
 w - a +2 hat of intelligence (worn)
   (You took it off Gastronok on level 1 of the Orcish Mines)
 C - a +2 large shield (worn)
   (You bought it in a shop on level 2 of the Orcish Mines)
 P - a +0 cloak (worn)
   (You found it on level 2 of the Lair of Beasts)
 V - a +1 pair of gloves (worn)
   (You found it on level 12 of the Dungeon)
Jewellery
 f - an uncursed ring of protection from cold {rC+, !d}
   (You found it on level 3 of the Swamp)
 p - a +5 ring of evasion (left hand)
   (You found it on level 2 of the Dungeon)
 v - an uncursed ring of see invisible {sInv, !d}
   (You found it on level 7 of the Dungeon)
 D - an uncursed ring of resist corrosion
   (You found it on level 13 of the Dungeon)
 I - a ring of protection from fire (right hand) {rF+, !d}
   (You found it on level 9 of the Dungeon)
 J - a +3 amulet of reflection (around neck)
   (You bought it in a shop on level 1 of the Elven Halls)
 W - an uncursed ring of positive energy {rN+}
   (You took it off an orc wizard on level 15 of the Dungeon)
Wands
 b - a wand of lightning (5/15)
   (You took it off a deep elf mage on level 1 of the Elven Halls)
 o - a wand of digging (15/24)
   (You took it off Grinder on level 5 of the Dungeon)
 E - a wand of disintegration (7/24)
   (You found it on level 7 of the Dungeon)
 M - a wand of disintegration (17/24)
   (You found it on level 12 of the Dungeon)
 O - a wand of digging (5/24)
   (You found it on level 3 of the Lair of Beasts)
 R - a wand of acid (11/15)
   (You took it off an orc wizard on level 15 of the Dungeon)
 T - a wand of flame (2/48)
   (You found it on level 12 of the Dungeon)
 Z - a wand of lightning (7/15)
   (You found it on level 1 of the Swamp)
Scrolls
 e - 5 scrolls of fog
 i - 8 scrolls of remove curse
 l - 3 scrolls of recharging
 n - 8 scrolls of teleportation
 s - a scroll of immolation {!r}
 t - a scroll of magic mapping {!r}
 x - a scroll of fear {unknown}
 B - a scroll of torment {unknown}
 L - a scroll of holy word {!r}
 U - a scroll of silence {unknown}
Potions
 h - 11 potions of curing
 j - 2 potions of cure mutation {unknown}
 m - 4 potions of invisibility
 q - 4 potions of cancellation
 r - 2 potions of magic {unknown}
 F - 2 potions of brilliance
 G - 3 potions of flight
 K - 4 potions of heal wounds
 Q - a potion of lignification {!q}
 Y - a potion of resistance {unknown}
Comestibles
 c - 13 bread rations
 A - 14 meat rations
 H - 2 beef jerkies


   Skills:
 * Level 15.4 Fighting
 - Level 19.9 Axes
 + Level 14.9 Armour
 + Level 14.3 Dodging
 + Level 19.5 Shields


You had 17 spell levels left.
You didn't know any spells.

Dungeon Overview and Level Annotations

Branches:
Dungeon (15/15)            Temple (0/1) D:4            Lair (6/6) D:10
  Swamp (4/4) Lair:4        Snake (0/4) Lair:2        Slime (0/5) Lair:6
    Orc (2/2) D:12            Elf (2/3) Orc:2        Vaults (0/5) D:13
 Depths (0/5) D:15

Altars:
Elyvilon
Fedhas
Gozag
Kikubaaqudgha
Makhleb
Nemelex Xobeh
Okawaru
Sif Muna
Trog
Vehumet
Xom
Yredelemnul
Zin
The Shining One
Beogh

Shops:
D:4 (   D:5 (   D:9 *   D:11 [   Orc:2 (}[!   Elf:1 =*%

Annotations:
D:8 vault with cool stuff + hydras
Elf:2 exclusion: Roxanne, Roxanne


Innate Abilities, Weirdness & Mutations

You reflexively headbutt those who attack you in melee.
You have a pair of horns on your head.


Message History

You feel much better.
The deep elf mage casts a spell.
You block the orange demon's attack.
You block the deep elf demonologist's attack.
You block the Ice Fiend's attack.
The Ice Fiend claws you but does no damage.
The deep elf archer hits you but does no damage.
The soul eater draws from the surrounding life force!
You hear a deafening roar!
You hit Roxanne. You headbutt Roxanne!
Roxanne is severely damaged.
You slash the deep elf archer! You burn the deep elf archer.
You hit the deep elf demonologist. You burn the deep elf demonologist.
You slash the Ice Fiend! You burn the Ice Fiend.
You block the orange demon's attack. You block the deep elf archer's attack.
The Ice Fiend gestures at you. The bolt of cold hits you!
* * * LOW HITPOINT WARNING * * *
The bolt of cold hits Roxanne.
Roxanne resists.
You block the deep elf demonologist's attack.
You hit Roxanne but do no damage. You headbutt Roxanne, but do no damage.
Roxanne is severely damaged.
You hit the Ice Fiend. You burn the Ice Fiend.
You hit the deep elf demonologist. You burn the deep elf demonologist.
Your shield and crystal plate armour prevent you from hitting the deep elf archer.
Roxanne says, "At least I didn't end up somewhere with nobody to talk to."
You block the deep elf archer's attack.
You hit Roxanne but do no damage.
Roxanne is severely damaged.
You slash the Ice Fiend! You burn the Ice Fiend.
You slash the deep elf demonologist! You burn the deep elf demonologist.
You slash the deep elf archer! You burn the deep elf archer.
You block the Ice Fiend's attack. x2
You block the deep elf demonologist's attack.
You block the deep elf archer's attack.
You slice Roxanne!!
Roxanne is severely damaged.
You hit the Ice Fiend. You burn the Ice Fiend.
You hit the deep elf demonologist. You burn the deep elf demonologist.
You hit the deep elf archer. You burn the deep elf archer.
The Ice Fiend gestures at you. The bolt of cold hits you!
* * * LOW HITPOINT WARNING * * *
The bolt of cold hits Roxanne.
Roxanne resists.
Roxanne mumbles some strange words.
The iron shot reflects off an invisible shield around you!
The iron shot hits Roxanne.
You hit Roxanne but do no damage.
Roxanne is almost destroyed.
You barely miss the deep elf archer. You slash the deep elf demonologist!
You burn the deep elf demonologist. You hit the Ice Fiend but do no damage.
You block the deep elf demonologist's attack.
The deep elf archer points at you and mumbles some strange words.
You resist with almost no effort.
The deep elf mage casts a spell.
The Ice Fiend calls on the powers of darkness!
The deep elf mage convulses!
The deep elf demonologist convulses!
Your body is wracked with pain!
* * * LOW HITPOINT WARNING * * *
The deep elf archer convulses!
The deep elf mage convulses!
Okay, then.
You feel much better.
Roxanne wails, "NOOOO!"
You block the deep elf archer's attack.
You block the deep elf demonologist's attack.
The deep elf mage mumbles some strange words.
The Ice Fiend gestures at you. The bolt of cold misses you.
The bolt of cold hits Roxanne.
Roxanne resists.
As you read the scroll of teleportation, it crumbles to dust.
You feel strangely unstable.
The hell rat disappears in a puff of smoke!
The deep elf archer blinks!
You block the demonic crawler's attack. x3
The Ice Fiend calls on the powers of darkness!
The deep elf mage convulses!
Your body is wracked with pain!
* * * LOW HITPOINT WARNING * * *
The deep elf demonologist convulses!
The deep elf mage convulses!
The redback convulses!
You hit Roxanne but do no damage.
Roxanne is almost destroyed.
You hit the deep elf demonologist but do no damage.
You hit the demonic crawler but do no damage.
You barely miss the Ice Fiend.
The hellwing swoops through the air toward you!
The hellwing hits you but does no damage.
You block the hellwing's attack.
The demonic crawler hits you but does no damage.
You block the demonic crawler's attack. x2
The deep elf mage gestures wildly while chanting.
The deep elf mage blinks!
You completely miss Roxanne.
Roxanne is almost destroyed.
You miss the deep elf demonologist.
Your crystal plate armour prevents you from hitting the demonic crawler.
You hit the Ice Fiend but do no damage. You hit the hellwing.
You burn the hellwing.
The deep elf demonologist mumbles some strange words.
The Ice Fiend claws you!
* * * LOW HITPOINT WARNING * * *
The Ice Fiend freezes you!!
You die...

################.....##
.............# .....e.#
...#.....#...#
.......## ..
##...###..# ........
.## ##.## ##.###.....#
..###...###..##2....#
...#.....#...##.(..#
..)...........#se8.#
...#.....#....#.@4.#
..###...###.r4e1##.#
.## ##.## ##.e3E# .# ..
...# #..sr## # ...
...#.....# ....
.........# #####
######..§ #..§ #.#..


You could see Roxanne, an Ice Fiend, a soul eater, a demonic crawler, a deep elf
demonologist, an orange demon, a deep elf archer, a hellwing, a water elemental,
2 deep elf magi, a tormentor, a redback and 2 hell rats.

Vanquished Creatures
  Rupert (D:14)
  A deep elf blademaster (Elf:2)
  Gastronok (Orc:1)
  5 thorn hunters
  Kirke (Lair:4)
  An azure jelly (Swamp:4)
  A stone giant (D:14)
  Nessos (Lair:4)
  The ghost of Vinniefish the Grappler, a journeyman TrMo of Makhleb (Lair:3)
  Azrael (Elf:2)
  A dire elephant (Lair:6)
  Snorg (Orc:2)
  A deep elf death mage (Elf:1)
  Erolcha (Orc:2)
  Harold (D:11)
  4 ice dragons
  13 hydras
  4 ghost crabs
  5 centaur warriors
  A two-headed ogre (shapeshifter) (D:14)
  10 two-headed ogres
  3 ogre magi
  8 alligators
  9 dancing weapons (Elf:2)
  A tengu warrior (D:14)
  16 death yaks
  An orc high priest (Orc:1)
  Sonja (D:15)
  7 deep elf knights
  2 spriggan druids
  3 deep elf archers (Elf:1)
  The ghost of Jivvin the Fighter, a novice MiMo (D:9)
  2 swamp dragons
  2 wizards
  2 unseen horrors
  28 deep elf magi
  5 shambling mangroves
  A harpy (shapeshifter) (D:15)
  2 lindwurms (Lair:6)
  A necromancer (Elf:1)
  20 ugly things
  8 orc sorcerers (Orc:2)
  7 orc knights
  6 cyclopes
  4 manticores
  A moth of wrath (shapeshifter) (D:14)
  20 elephants
  Joseph (D:7)
  Psyche (D:10)
  28 spiny frogs
  3 torpor snails
  3 gargoyles
  A large abomination (Elf:1)
  4 black mambas (Lair:6)
  7 komodo dragons
  4 freezing wraiths (Swamp:4)
  8 rime drakes
  An efreet (D:14)
  4 trolls
  9 polar bears (Lair:6)
  A meliai (D:12)
  7 tyrant leeches
  14 slime creatures
  A troll (shapeshifter) (D:15)
  19 hornets
  18 blink frogs
  Grinder (D:5)
  A dream sheep (shapeshifter) (D:14)
  7 bog bodies
  9 dream sheep
  14 hippogriffs
  Sigmund (D:2)
  3 air elementals (Elf:1)
  A spriggan (shapeshifter) (D:15)
  3 shadows
  6 wyverns
  3 water elementals (D:15)
  4 fire elementals
  7 spriggans
  2 wraiths (D:15)
  A vampire (D:12)
  12 vampire mosquitoes
  2 hungry ghosts
  A basilisk (Lair:6)
  47 yaks
  4 hogs (Lair:4)
  3 swamp worm simulacra (Swamp:4)
  A human (shapeshifter) (D:15)
  Edmund (D:6)
  Menkaure (D:7)
  22 insubstantial wisps
  7 wargs
  17 swamp worms
  3 nagas (Lair:2)
  17 water moccasins
  15 hydra simulacra (Swamp:4)
  Duvessa (D:5)
  3 acid dragons
  20 hell hounds
  5 porcupines
  7 swamp drakes
  15 black bears
  A sky beast (shapeshifter) (D:15)
  30 orc warriors
  17 ice beasts
  An eye of draining (D:15)
  2 sky beasts
  5 boggarts (D:15)
  14 ogres
  3 phantoms
  2 necrophages
  23 wolves
  16 centaurs
  5 elf zombies (Elf:1)
  13 crocodiles
  Blork the orc (D:6)
  A big kobold (D:14)
  16 bullfrogs
  A wyvern zombie (D:9)
  Dowan (D:5)
  3 scorpions
  15 killer bees
  A water moccasin skeleton (D:8)
  8 electric eels
  3 vampire bats (D:5)
  5 howler monkeys
  5 centaur zombies
  5 crimson imps
  2 quasits
  A hound (shapeshifter) (D:14)
  6 hounds
  18 jellies
  10 orc priests
  2 bullfrog skeletons
  9 centaur skeletons
  2 gnoll shamans
  2 iguanas
  Jessica (D:2)
  35 orc wizards
  5 worker ants
  A worker ant zombie (D:10)
  13 gnolls
  8 adders
  2 howler monkey skeletons
  3 shadow imps
  4 swamp drake simulacra (Swamp:4)
  An adder zombie (D:3)
  An ooze (D:1)
  A worm (D:2)
  A dart slug (D:2)
  4 leopard geckos
  71 orcs
  A ball python (D:1)
  5 bats
  4 bat skeletons (D:5)
  2 bat zombies (D:5)
  5 giant cockroaches
  8 hobgoblins
  7 jackals
  11 kobolds
  6 quokkas
  2 frilled lizards
  6 goblins
  3 quokka skeletons
  A quokka zombie (D:5)
  3 rats
  13 briar patches
  3 fungi
  6 plants
1104 creatures vanquished.

Vanquished Creatures (collateral kills)
  A death yak (Lair:4)
  A dancing weapon (Elf:2)
  A deep elf knight (Elf:2)
  2 hippogriffs (D:14)
5 creatures vanquished.

Vanquished Creatures (others)
  Fannar (Lair:3)
  A centaur warrior (D:15)
  A slime creature (Swamp:2)
  A tyrant leech (Swamp:4)
  4 insubstantial wisps (Swamp:4)
  A swamp worm (Swamp:4)
  A swamp drake (Swamp:4)
  2 centaurs
  An orc priest (D:15)
  An orc (Orc:1)
  A briar patch (Swamp:3)
  16 fungi
  40 plants
71 creatures vanquished.

Grand Total: 1180 creatures vanquished

Notes
Turn   | Place    | Note
-------+----------+-------------------------------------------
     0 | D:1      | tboon the Minotaur Berserker began the quest for the Orb.
     0 | D:1      | Reached XP level 1. HP: 19/19 MP: 0/0
   234 | D:1      | Reached XP level 2. HP: 27/27 MP: 1/1
   290 | D:1      | Reached skill level 4 in Axes
   822 | D:2      | Reached skill level 4 in Fighting
   822 | D:2      | Reached XP level 3. HP: 33/33 MP: 2/2
  1063 | D:2      | Noticed Sigmund
  1090 | D:2      | Noticed Jessica
  1163 | D:2      | HP: 11/49 [Sigmund/scythe of slicing (8)]
  1165 | D:2      | Killed Sigmund
  1165 | D:2      | Reached skill level 5 in Axes
  1165 | D:2      | Reached skill level 3 in Armour
  1165 | D:2      | Reached skill level 3 in Dodging
  1165 | D:2      | Reached XP level 4. HP: 11/41 MP: 3/3
  1165 | D:2      | Reached XP level 5. HP: 13/47 MP: 4/4
  1528 | D:2      | Reached ** piety under Trog
  1564 | D:2      | Found an iron altar of Okawaru.
  1740 | D:2      | Killed Jessica
  1740 | D:2      | Reached skill level 5 in Fighting
  1883 | D:3      | Reached XP level 6. HP: 56/56 MP: 5/5
  2315 | D:3      | Reached skill level 6 in Axes
  2630 | D:4      | Found a basalt altar of Yredelemnul.
  2631 | D:4      | Found a staircase to the Ecumenical Temple.
  2659 | D:4      | Found Qaihi's Weapon Emporium.
  2804 | D:4      | Reached skill level 4 in Dodging
  2967 | D:4      | Reached skill level 4 in Armour
  3003 | D:5      | Entered Level 5 of the Dungeon
  3137 | D:5      | Noticed Grinder
  3150 | D:5      | Killed Grinder
  3150 | D:5      | Reached XP level 7. HP: 44/62 MP: 6/6
  3266 | D:5      | Found a shimmering altar of Xom.
  3279 | D:5      | Found Rodoh's Antique Weapon Shop.
  3290 | D:5      | Reached skill level 7 in Axes
  3391 | D:5      | Found an ancient bone altar of Kikubaaqudgha.
  3403 | D:5      | Reached skill level 6 in Fighting
  3459 | D:5      | Reached skill level 5 in Armour
  3460 | D:5      | Reached skill level 5 in Dodging
  3674 | D:5      | Noticed Duvessa
  3683 | D:5      | Noticed Dowan
  3688 | D:5      | Killed Duvessa
  3688 | D:5      | Reached XP level 8. HP: 70/70 MP: 7/7
  3690 | D:5      | Killed Dowan
  3690 | D:5      | Reached skill level 8 in Axes
  3821 | D:5      | Got a crude ring mail
  4089 | D:5      | Identified the cursed +1 ring mail of the Fisher {*Drain Str+2 Int+2} (You found it on level 5 of the Dungeon)
  4092 | D:5      | Reached *** piety under Trog
  4152 | D:6      | Found an opulent altar of Gozag.
  4211 | D:6      | Reached skill level 1 in Shields
  4387 | D:6      | Noticed Blork the orc
  4410 | D:6      | Killed Blork the orc
  4410 | D:6      | Reached skill level 2 in Shields
  4578 | D:6      | Noticed Edmund
  4593 | D:6      | Killed Edmund
  4593 | D:6      | Reached skill level 9 in Axes
  4643 | D:6      | Found a bloodstained altar of Trog.
  4652 | D:6      | Reached skill level 7 in Fighting
  4652 | D:6      | Reached skill level 3 in Shields
  5099 | D:7      | Reached skill level 6 in Armour
  5105 | D:7      | Reached skill level 6 in Dodging
  5189 | D:7      | Reached XP level 9. HP: 60/79 MP: 8/8
  5202 | D:7      | Reached skill level 4 in Shields
  5251 | D:7      | Found a deep blue altar of Sif Muna.
  5388 | D:7      | Found a glowing silver altar of Zin.
  5469 | D:7      | Noticed Menkaure
  5475 | D:7      | Killed Menkaure
  5582 | D:7      | Noticed Joseph
  5596 | D:7      | Killed Joseph
  5596 | D:7      | Reached skill level 5 in Shields
  5809 | D:7      | Reached skill level 10 in Axes
  6138 | D:7      | Reached skill level 6 in Shields
  6560 | D:8      | Found a sparkling altar of Nemelex Xobeh.
  6637 | D:8      | Noticed a seven-headed hydra
  6646 | D:8      | Noticed a four-headed hydra
  6646 | D:8      | Noticed a green ugly thing
  6682 | D:8      | Received a gift from Trog
  6816 | D:8      | Noticed a two-headed ogre
  6918 | D:8      | Reached skill level 7 in Armour
  7009 | D:8      | Reached XP level 10. HP: 88/88 MP: 9/9
  7013 | D:8      | Reached skill level 7 in Dodging
  7066 | D:8      | HP: 18/88 [hornet (5)]
  7530 | D:8      | Reached skill level 7 in Shields
  7615 | D:8      | Found a burning altar of Makhleb.
  7776 | D:9      | Noticed a two-headed ogre
  7780 | D:9      | Killed a two-headed ogre
  7780 | D:9      | Reached skill level 8 in Fighting
  7780 | D:9      | Reached skill level 11 in Axes
  7954 | D:9      | Reached **** piety under Trog
  8030 | D:9      | Found a white marble altar of Elyvilon.
  8257 | D:9      | Found Zuoterua's Assorted Antiques.
  8477 | D:9      | Reached skill level 8 in Shields
  8493 | D:9      | Noticed Jivvin's ghost (novice MiMo)
  8530 | D:9      | Killed Jivvin's ghost
  8675 | D:9      | Reached skill level 8 in Armour
  8829 | D:10     | Entered Level 10 of the Dungeon
  9148 | D:10     | Noticed Psyche
  9171 | D:10     | Killed Psyche
  9171 | D:10     | Reached skill level 12 in Axes
  9513 | D:10     | Found a glowing golden altar of the Shining One.
  9520 | D:10     | Found a blossoming altar of Fedhas.
  9596 | D:10     | Reached skill level 8 in Dodging
  9646 | D:10     | Reached XP level 11. HP: 95/95 MP: 10/10
  9664 | D:10     | Reached skill level 9 in Shields
  9785 | D:10     | Found a staircase to the Lair.
 10493 | Lair:1   | Entered Level 1 of the Lair of Beasts
 10588 | Lair:1   | Reached skill level 9 in Fighting
 11891 | Lair:2   | Reached skill level 9 in Armour
 11892 | Lair:2   | Found a staircase to the Snake Pit.
 12075 | Lair:2   | Reached skill level 10 in Shields
 12518 | Lair:2   | Reached skill level 13 in Axes
 13203 | Lair:2   | Identified 2 scrolls of acquirement
 13204 | Lair:2   | Got an ancient hat
 13206 | Lair:2   | Identified the +0 hat of Jymadu {*Slow rC++ rN++} (You acquired it on level 2 of the Lair of Beasts)
 13567 | Lair:3   | Reached skill level 9 in Dodging
 13683 | Lair:3   | Reached skill level 11 in Shields
 13683 | Lair:3   | Reached XP level 12. HP: 89/106 MP: 11/11
 13694 | Lair:3   | Noticed Vinniefish's ghost (journeyman TrMo)
 13907 | Lair:3   | Killed Vinniefish's ghost
 13907 | Lair:3   | Reached skill level 10 in Fighting
 14428 | Lair:3   | Reached skill level 10 in Armour
 14685 | Lair:3   | Noticed Fannar
 14738 | Lair:3   | Killed Fannar
 15107 | Lair:3   | Reached skill level 14 in Axes
 15111 | Lair:3   | Reached skill level 12 in Shields
 15384 | Lair:4   | Noticed Nessos
 15397 | Lair:4   | Killed Nessos
 15624 | Lair:4   | Noticed Kirke
 15632 | Lair:4   | Noticed a death yak
 15636 | Lair:4   | Noticed a death yak
 15637 | Lair:4   | Noticed a death yak
 15637 | Lair:4   | Noticed a death yak
 15637 | Lair:4   | Killed Kirke
 15637 | Lair:4   | Reached skill level 10 in Dodging
 15638 | Lair:4   | Noticed a death yak
 15643 | Lair:4   | Noticed a death yak
 15645 | Lair:4   | Noticed a death yak
 15645 | Lair:4   | Noticed a death yak
 15648 | Lair:4   | Killed a death yak
 15654 | Lair:4   | Killed a death yak
 15658 | Lair:4   | Killed a death yak
 15665 | Lair:4   | Killed a death yak
 15665 | Lair:4   | Reached XP level 13. HP: 49/114 MP: 12/12
 15669 | Lair:4   | HP: 25/114 [death yak (13)]
 16673 | Lair:4   | Found a staircase to the Swamp.
 16983 | Lair:4   | Reached skill level 11 in Fighting
 17034 | Lair:4   | Reached skill level 13 in Shields
 17361 | Lair:4   | Reached skill level 15 in Axes
 17544 | Lair:5   | Reached skill level 11 in Armour
 18049 | Lair:5   | Reached ***** piety under Trog
 18642 | Lair:6   | Entered Level 6 of the Lair of Beasts
 18860 | Lair:6   | Reached skill level 14 in Shields
 18884 | Lair:6   | HP: 28/116 [death yak (9)]
 18967 | Lair:6   | HP: 27/116 [spiny frog (14)]
 18970 | Lair:6   | HP: 11/116 [poisoned by a spiny frog]
 18988 | Lair:6   | HP: 22/116 [black mamba (1)]
 19383 | Lair:6   | Reached XP level 14. HP: 125/125 MP: 13/13
 20075 | Lair:6   | Reached skill level 11 in Dodging
 20235 | Lair:6   | Reached skill level 16 in Axes
 20349 | Lair:6   | Reached skill level 12 in Fighting
 20968 | Lair:6   | Reached skill level 12 in Armour
 20968 | Lair:6   | Reached skill level 15 in Shields
 21110 | Lair:6   | Found a staircase to the Slime Pits.
 21467 | Lair:6   | Received a gift from Trog
 21739 | Lair:6   | Reached ****** piety under Trog
 22794 | D:11     | Noticed Harold
 22826 | D:11     | Killed Harold
 22974 | D:11     | Received a gift from Trog
 23008 | D:11     | Reached XP level 15. HP: 134/134 MP: 14/14
 23128 | D:11     | Found Toasul's Armour Boutique.
 23464 | D:12     | Reached skill level 17 in Axes
 23791 | D:12     | Reached skill level 12 in Dodging
 23825 | D:12     | Reached skill level 16 in Shields
 24251 | D:12     | Found a staircase to the Orcish Mines.
 24860 | D:13     | Found a gate to the Vaults.
 24940 | D:13     | Reached skill level 13 in Fighting
 25093 | D:13     | Received a gift from Trog
 25654 | D:14     | Noticed Rupert
 25760 | D:14     | Killed Rupert
 25813 | D:14     | HP: 18/136 [stone giant (30)]
 25828 | D:14     | Reached skill level 13 in Armour
 26674 | D:14     | Received a gift from Trog
 26688 | D:14     | Reached skill level 17 in Shields
 26745 | D:14     | Found an ancient bone altar of Kikubaaqudgha.
 26756 | D:14     | Reached skill level 18 in Axes
 27113 | D:14     | Reached XP level 16. HP: 134/144 MP: 15/15
 27361 | D:14     | Upgraded the game from 0.20-a0-382-g289d6af to 0.20-a0-386-g2d247ea
 27363 | D:15     | Entered Level 15 of the Dungeon
 27958 | D:15     | Found a staircase to the Depths.
 28172 | D:15     | Noticed Sonja
 28186 | D:15     | Killed Sonja
 29117 | D:15     | Received a gift from Trog
 29469 | Orc:1    | Entered Level 1 of the Orcish Mines
 29497 | Orc:1    | Noticed Gastronok
 29529 | Orc:1    | Killed Gastronok
 29529 | Orc:1    | Reached skill level 13 in Dodging
 29877 | Orc:1    | HP: 35/145 [orc warrior/glaive (30)]
 30330 | Orc:2    | Entered Level 2 of the Orcish Mines
 30336 | Orc:2    | Found a staircase to the Elven Halls.
 31013 | Orc:2    | Received a gift from Trog
 31115 | Orc:2    | Found an ancient bone altar of Kikubaaqudgha.
 31125 | Orc:2    | Found Noetubyth's Antique Armour Emporium.
 31128 | Orc:2    | Noticed Snorg
 31139 | Orc:2    | Killed Snorg
 31140 | Orc:2    | Noticed Erolcha
 31150 | Orc:2    | Killed Erolcha
 31151 | Orc:2    | Found a radiant altar of Vehumet.
 31177 | Orc:2    | Found Litor's Antique Weapon Shoppe.
 31255 | Orc:2    | Found a roughly hewn altar of Beogh.
 31280 | Orc:2    | Found Opnohof's Gadget Emporium.
 31294 | Orc:2    | Found Iliqekh's Distillery.
 31305 | Orc:2    | Bought a potion of heal wounds for 65 gold pieces
 31305 | Orc:2    | Bought a potion of heal wounds for 65 gold pieces
 31340 | Orc:2    | Bought a glowing large shield for 241 gold pieces
 31968 | Swamp:1  | Entered Level 1 of the Swamp
 32064 | Swamp:1  | Reached skill level 14 in Fighting
 32179 | Swamp:1  | Reached skill level 18 in Shields
 32906 | Swamp:2  | Noticed a thorn hunter
 32923 | Swamp:2  | Killed a thorn hunter
 32936 | Swamp:2  | Reached skill level 19 in Axes
 33106 | Swamp:2  | Received a gift from Trog
 33221 | Swamp:2  | Reached skill level 14 in Armour
 33308 | Swamp:2  | Reached XP level 17. HP: 144/152 MP: 16/16
 33983 | Swamp:2  | Upgraded the game from 0.20-a0-386-g2d247ea to 0.20-a0-390-g4892b34
 35334 | Swamp:4  | Entered Level 4 of the Swamp
 35839 | Swamp:4  | HP: 25/154 [six-headed hydra simulacrum (19)]
 36332 | Swamp:4  | Received a gift from Trog
 36837 | Swamp:4  | Reached skill level 19 in Shields
 37302 | Swamp:4  | Got a decaying rune of Zot
 37751 | Elf:1    | Entered Level 1 of the Elven Halls
 37982 | Elf:1    | Reached skill level 14 in Dodging
 38227 | Elf:1    | Found Ybita's Jewellery Boutique.
 38231 | Elf:1    | Found Hibised's General Store.
 38236 | Elf:1    | Bought a +3 amulet of reflection for 450 gold pieces
 38243 | Elf:1    | Bought a scroll of identify for 30 gold pieces
 38325 | Elf:1    | Found Wygadisk's Food Shoppe.
 38540 | Elf:1    | You fall through a shaft!
 38556 | Elf:2    | Received a gift from Trog
 38559 | Elf:2    | Got a brightly glowing broad axe {god gift}
 38595 | Elf:2    | Reached skill level 15 in Fighting
 38758 | Elf:2    | Noticed Azrael
 38764 | Elf:2    | Noticed a deep elf blademaster
 38784 | Elf:2    | Killed a deep elf blademaster
 38784 | Elf:2    | Killed Azrael
 38834 | Elf:2    | Reached XP level 18. HP: 163/163 MP: 17/17
 38892 | Elf:2    | Found a runed gate.
 38892 | Elf:2    | Found a runed gate.
 38892 | Elf:2    | Found a runed gate.
 39042 | Elf:2    | Noticed Roxanne
 39058 | Elf:2    | Noticed an Ice Fiend
 39071 | Elf:2    | HP: 8/163 [Ice Fiend/bolt of cold[a deep elf demonologist] (43)]
 39076 | Elf:2    | HP: 9/163 [Ice Fiend[a deep elf demonologist] (10)]
 39076 | Elf:2    | Annihilated by an Ice Fiend

Vault maps used:
D:1:      minmay_arrival_jagged, minmay_misc_feat_plants
D:2:      okawaru_altar_gauntlet_db, first_bread, uniq_jessica, uniq_sigmund
D:3:      nicolae_overflow_hidden_temple
D:4:      lemuel_crystal_altar, minmay_shop_grid_forest
D:5:      old_standard_altar, kennysheep_vampire_church, serial_shops,
          nicolae_shop_overgrown_old_shop, serial_curves, eino_curves_02,
          eino_curves_01, eino_curves_01, eino_curves_04, uniq_grinder,
          uniq_duvessa
D:6:      trog_ov_bears_minmay, lemuel_crystal_altar, uniq_blork_the_orc,
          uniq_edmund
D:7:      lemuel_round_altar, zin_statuary, uniq_joseph, uniq_menkaure
D:8:      nemelex_xobeh_ov_fountains_minmay, lightli_temple_of_fire, the_bakery,
          minivault_27, minivault_12
D:9:      elyvilon_altar_5, serial_shops, shop, kennysheep_generic_room_16
D:10:     erik_lair_dragon, kennysheep_flooded_box, glass_columns_a,
          hangedman_abyss_or_decor_clamps, fedhas_altar_fruit_tree, uniq_psyche
D:11:     serial_shops, shop, minmay_misc_feat_diagonals, uniq_harold
D:12:     david_orc_4, minmay_guarded_unrand_chilly_death
D:13:     david_vaults_1, grunt_ministairs_10
D:14:     minmay_quarter_circles, basic_altar, minmay_misc_feat_alley,
          uniq_rupert
D:15:     gammafunk_enter_depths_forms, minmay_misc_feat_enclosed, uniq_sonja
Lair:2:   minmay_snake_entry_guardpost_small, serial_forest,
          infiniplex_forest_split, infiniplex_forest_end_double,
          infiniplex_forest_straight_3, infiniplex_forest_lined_room_2,
          infiniplex_forest_corner_1, infiniplex_forest_zigzag_2,
          serial_bayou_pond_d, grunt_megastairs_5
Lair:3:   serial_bayou_shore_b, infiniplex_staircase_pool_2,
          lemuel_fruit_fields, uniq_fannar
Lair:4:   nicolae_swamp_entry_splash_gauntlet, serial_bayou,
          serial_bayou_ford_a, serial_bayou_lagoon_b, serial_bayou_shore_a,
          serial_bayou_pond_e, uniq_nessos, uniq_kirke
Lair:5:   beast_lair_carwin_7
Lair:6:   hangedman_lair_in_review, hangedman_lair_caniforms_friends,
          minmay_slime_entry_jelly_boxes, columned_hall_lemuel,
          nicolae_quartered_pool_little, serial_bayou_pond_a,
          serial_bayou_shore_b
Swamp:1:  evilmike_swamp_ruin_house_3, swamp_pool4
Swamp:2:  evilmike_swamp_ruin_rubble_2, infiniplex_staircase_pool
Swamp:3:  evilmike_swamp_ruin_house_5
Swamp:4:  swamp_icy
Orc:1:    special_room, uniq_gastronok
Orc:2:    kennysheep_orc_mage_school, uniq_snorg
Elf:1:    eino_elf_arrival_customs, serial_shops, shop, minmay_elf_necromancy,
          feat_on_display, minmay_shop_star
Elf:2:    uniq_azrael, uniq_agnes, uniq_roxanne

Skill      XL: |  1  2  3  4  5  6  7  8  9 10 11 12 13 14 15 16 17 |
---------------+----------------------------------------------------+-----
Axes           | 4 5 6 7 9 10 12 13 14 15 16 18 19 | 19.9
Fighting       | 4 5 6 7 8 9 10 11 12 13 14 15 | 15.4
Armour         | 3 4 5 6 7 8 9 10 11 12 13 14 | 14.9
Dodging        | 3 4 5 6 8 9 10 11 12 13 14 | 14.3
Shields        | 3 6 8 11 12 14 15 17 18 19 | 19.5

Action                   |  1- 3 |  4- 6 |  7- 9 | 10-12 | 13-15 | 16-18 || total
-------------------------+-------+-------+-------+-------+-------+-------++-------
Melee: Hand axe          |    48 |    92 |   301 |   423 |       |       ||   864
       Headbutt          |     7 |    16 |    71 |   209 |   326 |   375 ||  1004
       Flail             |       |       |       |   115 |       |       ||   115
       Broad axe         |       |       |       |   221 |  1365 |  1488 ||  3074
Invok: Berserk           |     1 |       |     4 |     5 |       |       ||    10
       Trog's Hand       |       |     2 |     3 |     2 |     7 |    16 ||    30
       Burn Spellbooks   |       |       |     1 |     1 |     3 |     2 ||     7
       Brothers in Arms  |       |       |       |     2 |     1 |       ||     3
Evoke: Wand              |       |       |       |       |     5 |    15 ||    20
  Use: Scroll            |       |    12 |     4 |     9 |    15 |    13 ||    53
       Potion            |       |       |       |     2 |     4 |     8 ||    14
 Stab: Sleeping          |     2 |       |       |       |       |       ||     2
       Paralysed         |       |       |       |       |       |     2 ||     2
       Distracted        |       |       |       |       |       |     1 ||     1
  Eat: Meat ration       |       |     1 |       |       |       |       ||     1
       Chunk             |       |     3 |     9 |    19 |    16 |    21 ||    68
       Bread ration      |       |       |     2 |       |     2 |       ||     4
       Beef jerky        |       |       |     1 |     2 |     2 |    15 ||    20
       Fruit             |       |       |       |     6 |    17 |     1 ||    24
       Royal jelly       |       |       |       |     2 |       |       ||     2
       Pizza             |       |       |       |       |       |     1 ||     1
Armor: Animal skin       |     6 |     3 |       |       |       |       ||     9
       Chain mail        |       |     4 |    71 |   146 |   158 |       ||   379
       Crystal plate arm |       |       |       |       |   248 |   423 ||   671
Dodge: Dodged            |    30 |    53 |   220 |   334 |   704 |   374 ||  1715
Block: Other             |       |     1 |     5 |       |       |       ||     6
       Reflection        |       |       |     5 |     3 |    30 |    44 ||    82
       Buckler           |       |       |    73 |   234 |   556 |   153 ||  1016
       Large shield      |       |       |       |       |       |   976 ||   976

Vault maps used:
D:1:      minmay_arrival_jagged, minmay_misc_feat_plants
D:2:      okawaru_altar_gauntlet_db, first_bread, uniq_jessica, uniq_sigmund
D:3:      nicolae_overflow_hidden_temple
D:4:      lemuel_crystal_altar, minmay_shop_grid_forest
D:5:      old_standard_altar, kennysheep_vampire_church, serial_shops,
          nicolae_shop_overgrown_old_shop, serial_curves, eino_curves_02,
          eino_curves_01, eino_curves_01, eino_curves_04, uniq_grinder,
          uniq_duvessa
D:6:      trog_ov_bears_minmay, lemuel_crystal_altar, uniq_blork_the_orc,
          uniq_edmund
D:7:      lemuel_round_altar, zin_statuary, uniq_joseph, uniq_menkaure
D:8:      nemelex_xobeh_ov_fountains_minmay, lightli_temple_of_fire, the_bakery,
          minivault_27, minivault_12
D:9:      elyvilon_altar_5, serial_shops, shop, kennysheep_generic_room_16
D:10:     erik_lair_dragon, kennysheep_flooded_box, glass_columns_a,
          hangedman_abyss_or_decor_clamps, fedhas_altar_fruit_tree, uniq_psyche
D:11:     serial_shops, shop, minmay_misc_feat_diagonals, uniq_harold
D:12:     david_orc_4, minmay_guarded_unrand_chilly_death
D:13:     david_vaults_1, grunt_ministairs_10
D:14:     minmay_quarter_circles, basic_altar, minmay_misc_feat_alley,
          uniq_rupert
D:15:     gammafunk_enter_depths_forms, minmay_misc_feat_enclosed, uniq_sonja
Lair:2:   minmay_snake_entry_guardpost_small, serial_forest,
          infiniplex_forest_split, infiniplex_forest_end_double,
          infiniplex_forest_straight_3, infiniplex_forest_lined_room_2,
          infiniplex_forest_corner_1, infiniplex_forest_zigzag_2,
          serial_bayou_pond_d, grunt_megastairs_5
Lair:3:   serial_bayou_shore_b, infiniplex_staircase_pool_2,
          lemuel_fruit_fields, uniq_fannar
Lair:4:   nicolae_swamp_entry_splash_gauntlet, serial_bayou,
          serial_bayou_ford_a, serial_bayou_lagoon_b, serial_bayou_shore_a,
          serial_bayou_pond_e, uniq_nessos, uniq_kirke
Lair:5:   beast_lair_carwin_7
Lair:6:   hangedman_lair_in_review, hangedman_lair_caniforms_friends,
          minmay_slime_entry_jelly_boxes, columned_hall_lemuel,
          nicolae_quartered_pool_little, serial_bayou_pond_a,
          serial_bayou_shore_b
Swamp:1:  evilmike_swamp_ruin_house_3, swamp_pool4
Swamp:2:  evilmike_swamp_ruin_rubble_2, infiniplex_staircase_pool
Swamp:3:  evilmike_swamp_ruin_house_5
Swamp:4:  swamp_icy
Orc:1:    special_room, uniq_gastronok
Orc:2:    kennysheep_orc_mage_school, uniq_snorg
Elf:1:    eino_elf_arrival_customs, serial_shops, shop, minmay_elf_necromancy,
          feat_on_display, minmay_shop_star
Elf:2:    uniq_azrael, uniq_agnes, uniq_roxanne

Table legend:
 A = Turns spent in this place as a percentage of turns spent in the entire game.
 B = Non-inter-level travel turns spent in this place as a percentage of non-inter-level travel turns spent in the entire game.
 C = Inter-level travel turns spent in this place as a percentage of turns spent in this place.
 D = Turns resting spent in this place as a percentage of non-inter-level travel turns spent in this place.
 E = Turns spent auto-exploring this place as a percentage of non-inter-level travel turns spent in this place.
 F = Non-inter-level travel turns spent in this place divided by the number of levels of this place that you've seen.
                   A       B       C       D       E      F
               +-------+-------+-------+-------+-------+----------------------
         Total | 100.0 | 100.0 |   0.6 |   3.5 |   6.2 | 375.7
       Dungeon |  38.7 |  38.6 |   0.8 |   3.6 |  10.0 | 280.3
          Lair |  28.3 |  28.3 |   0.4 |   4.9 |   4.4 | 514.3
         Swamp |  17.0 |  16.9 |   0.6 |   2.9 |   3.7 | 461.5
  Orcish Mines |  10.3 |  10.3 |   0.4 |   0.9 |   2.2 | 560.0
   Elven Halls |   5.8 |   5.9 |   0.0 |   2.7 |   4.7 | 319.5
               +-------+-------+-------+-------+-------+----------------------

Table legend:
 A = Kills in this place as a percentage of kills in entire the game.
 B = Kills by you in this place as a percentage of kills by you in the entire game.
 C = Kills by friends in this place as a percentage of kills by friends in the entire game.
 D = Other kills in this place as a percentage of other kills in the entire game.
 E = Experience gained in this place as a percentage of experience gained in the entire game.
 F = Experience gained in this place divided by the number of levels of this place that you have seen.
                   A       B       C       D       E      F
               +-------+-------+-------+-------+-------+----------------------
         Total | 100.0 | 100.0 | 100.0 | 100.0 | 100.0 | 10330.7
       Dungeon |  43.2 |  43.2 |  40.0 |  50.0 |  29.7 | 5933.7
          Lair |  27.3 |  27.4 |  20.0 |  16.7 |  28.9 | 14445.3
         Swamp |  14.8 |  14.9 |   0.0 |  16.7 |  22.4 | 16748.5
  Orcish Mines |   8.9 |   8.9 |   0.0 |  16.7 |   6.1 | 9071.5
   Elven Halls |   5.9 |   5.7 |  40.0 |   0.0 |  12.9 | 19387.5
               +-------+-------+-------+-------+-------+----------------------
